Match 47172116
Unlisted

Match 47172116
End
Selects Armored Battlegroup
Selects Assault Engineers
Engineer Squad
Assault Engineer Squad
Construct Weapon Support Center
Bazooka Squad
M1919 Machine Gun Team
Infantry Support Center
Mechanized Support Center
Selects Field Repairs
M3 Armored Personnel Carrier
M3 Armored Personnel Carrier
M3 Armored Personnel Carrier
M1919 Machine Gun Team
Improvised Armor
Selects Fast Deploy
M3 Armored Personnel Carrier
Assault Engineer Squad
Bazooka Squad
M4A1 76mm Conversion
Improved M9 Bazooka Rockets
Bazooka Squad
Bazooka Squad
Field Repairs
Selects War Machine
Assault Engineer Squad
Assault Engineer Squad
Chikage
我是人ds
JT
陈浩南
Valieriumborn
ValiantHawk
Valieriumhorny
asfgdfgs
0
0

Comments sign in to comment!

No comments posted yet!